Hartford Whalers vs Colorado Rockies

Created - Friday, November 21, 2025 at 08:10

Goals
1 2 3 T
Hartford Whalers 1 4 1 6
Colorado Rockies 0 3 2 5
Shots
1 2 3 T
Hartford Whalers 12 15 8 35
Colorado Rockies 4 10 12 26

1st period

1. Hartford Whalers , Dylan Guenther 30 (Jonathan Drouin 20, Nick Suzuki 55) at 7:07

Penalties :
Michael Bunting (COL) for Roughing (Minor) at 5:05, Zach Whitecloud (COL) for Fighting (Major) at 7:21, Matthew Coronato (HFD) for Fighting (Major) at 7:21, Matthew Coronato (HFD) for instigated a fight (Minor) at 7:21, Matthew Coronato (HFD) for instigated a fight (10 Minutes Misconduct) at 7:21, Sidney Crosby (HFD) for Interference (Minor) at 19:04

2nd period

2. Hartford Whalers , Dylan Guenther 31 (Nick Suzuki 56) at 1:46
3. Hartford Whalers , Sidney Crosby 21 (Pierre-Luc Dubois 41, Jordan Kyrou 43) at 3:18
4. Colorado Rockies , Kyle Connor 17 (Tim Stutzle 45, Martin Fehervary 32) at 3:41
5. Hartford Whalers , Nick Suzuki 41 (Devon Toews 12, Dylan Guenther 46) at 8:04
6. Colorado Rockies , Jesper Bratt 36 (David Pastrnak 46, Quinn Hughes 24) at 14:19 (PP)
7. Colorado Rockies , Kyle Palmieri 20 (Nick Schmaltz 23, Vince Dunn 15) at 17:25
8. Hartford Whalers , Sidney Crosby 22 (Jordan Kyrou 44, Pierre-Luc Dubois 42) at 17:35

Penalties :
Zach Whitecloud (COL) for Fighting (Major) at 13:40, Kaiden Guhle (HFD) for Fighting (Major) at 13:40, Kaiden Guhle (HFD) for instigated a fight (Minor) at 13:40, Kaiden Guhle (HFD) for instigated a fight (10 Minutes Misconduct) at 13:40, Vince Dunn (COL) for High sticking (Minor) at 18:45

3rd period

9. Colorado Rockies , Philipp Kurashev 10 (Victor Hedman 34, Martin Fehervary 33) at 5:07
10. Colorado Rockies , Philipp Kurashev 11 (Victor Hedman 35, Martin Fehervary 34) at 11:08
11. Hartford Whalers , Nick Suzuki 42 (Anthony Cirelli 30) at 11:49

Penalties :
Kyle Palmieri (COL) for Roughing (Minor) at 5:31, Anthony Cirelli (HFD) for Boarding (Minor) at 12:19

Goalie Stats

Samuel Montembeault (HFD), 21 saves from 26 shots - (0.808), W, 29-29-5, 60:00 minutes
Daniil Tarasov (COL), 16 saves from 20 shots - (0.800), 29:24 minutes
Joey Daccord (COL), 13 saves from 15 shots - (0.867), L, 9-13-4, 29:43 minutes

Players Stats for Hartford Whalers

Player Name              G  A  P  +/- PIM S  H  SB GA TA FO     MP     PP MP  PK MP  
------------------------------------------------------------------------------------
Anders Lee               0  0  0   0  0   0  1  0  1  0  2/4    15:53   2:44   3:25 
Anthony Cirelli          0  1  1   1  2   1  0  2  1  0  4/6    18:01   0:00   2:11 
Braden Schneider         0  0  0   1  0   1  0  0  0  1  0/0    15:21   0:00   0:00 
Devon Toews              0  1  1   1  0   1  0  3  1  0  0/0    20:19   3:09   3:19 
Dylan Guenther           2  1  3   2  0   3  0  0  0  0  1/2    19:06   3:13   0:49 
Filip Mesar              0  0  0  -1  0   0  0  0  0  0  3/7    12:11   0:00   0:00 
Jonathan Drouin          0  1  1   0  0   4  0  0  0  0  0/0    14:58   2:48   0:00 
Jordan Kyrou             0  2  2   1  0   3  1  0  3  0  2/2    16:00   2:44   0:00 
Kaapo Kakko              0  0  0   0  0   0  0  0  0  0  1/1     8:10   0:00   0:00 
Kaiden Guhle             0  0  0   0  17  2  0  1  0  1  0/0    14:00   0:00   2:38 
Matthew Coronato         0  0  0   0  17  0  0  0  0  1  0/1     8:33   3:09   0:00 
Nick Suzuki              2  2  4   2  0   5  0  0  1  1  14/21  19:14   3:13   2:50 
Pierre-Luc Dubois        0  2  2   1  0   3  2  1  1  0  1/1    18:24   2:44   1:52 
Seth Jones               0  0  0   1  0   2  0  1  2  1  0/0    26:09   2:48   3:17 
Sidney Crosby            2  0  2   2  2   4  0  0  0  0  9/16   18:46   3:13   2:05 
Simon Edvinsson          0  0  0   1  0   2  0  0  0  1  0/0    18:13   0:00   0:00 
Tyson Foerster           0  0  0  -1  0   3  1  0  1  0  0/0    11:13   0:00   0:00 
Vladislav Gavrikov       0  0  0  -1  0   1  1  2  0  0  0/0    18:49   0:00   3:58 

Players Stats for Colorado Rockies

Player Name              G  A  P  +/- PIM S  H  SB GA TA FO     MP     PP MP  PK MP  
------------------------------------------------------------------------------------
Andrew Peeke             0  0  0  -4  0   0  1  2  0  0  0/0    20:21   3:05   2:36 
David Pastrnak           0  1  1   1  0   3  0  0  1  0  0/1    15:12   3:19   0:00 
Evgeny Kuznetsov         0  0  0   0  0   0  1  0  0  0  0/8    10:10   0:00   0:00 
Jesper Bratt             1  0  1   0  0   2  0  0  0  0  0/0    16:14   3:19   1:10 
Kevin Hayes              0  0  0   0  0   0  0  0  0  1  3/5    15:04   0:00   2:45 
Kyle Connor              1  0  1  -2  0   3  2  0  1  0  0/0    19:35   3:17   2:54 
Kyle Palmieri            1  0  1   1  2   3  2  1  0  1  8/13   15:00   3:19   0:00 
Martin Fehervary         0  3  3   1  0   1  0  0  0  3  0/0    23:52   3:31   3:21 
Michael Bunting          0  0  0  -1  2   1  3  0  1  0  0/0    14:37   0:00   1:53 
Nick Bonino              0  0  0   0  0   0  1  0  0  0  0/0     9:31   0:00   0:00 
Nick Schmaltz            0  1  1  -1  0   2  1  2  0  0  6/13   15:43   0:00   3:03 
Nikita Kucherov          0  0  0  -2  0   1  1  0  1  0  0/1    16:29   3:17   0:00 
Philipp Kurashev         2  0  2   0  0   2  0  0  0  0  0/0     9:31   0:00   0:00 
Quinn Hughes             0  1  1  -4  0   3  1  2  1  1  0/0    21:45   3:05   2:36 
Tim Stutzle              0  1  1  -2  0   4  2  1  1  1  7/20   16:43   3:17   0:09 
Victor Hedman            0  2  2   2  0   1  0  0  0  4  0/0    25:03   3:31   3:21 
Vince Dunn               0  1  1   1  2   0  1  1  0  0  0/0    16:08   0:00   0:00 
Zach Whitecloud          0  0  0   0  10  0  0  1  0  0  0/0    13:00   0:00   0:00 

3 Stars

1 - Nick Suzuki (HFD)
2 - Dylan Guenther (HFD)
3 - Sidney Crosby (HFD)

Power Play

Hartford Whalers - 0 on 3 Attempt(s) - 0.00%
Colorado Rockies - 1 on 4 Attempt(s) - 25.00%

Penalty Kill

Hartford Whalers - 3 on 4 Attempt(s) - 75.00% - Score 0 goal in Penalty Kill
Colorado Rockies - 3 on 3 Attempt(s) - 100.00% - Score 0 goal in Penalty Kill

Team Stat

Hartford Whalers - Hits : 6 - Faceoff Wins : 37 - Blocked Shots : 10 - Penalty Minutes : 38
Colorado Rockies - Hits : 16 - Faceoff Wins : 24 - Blocked Shots : 10 - Penalty Minutes : 16

Official

Referees : Mitch Dunning and Francois St Laurent
Linesman : Ryan Jackson and Libor Suchanek

Game Notes

Matthew Coronato beats up Zach Whitecloud at 7:21 of 1st period
Daniil Tarasov is injured at 9:24 of 2nd period (Right Hand)
Joey Daccord enters game at 9:24 of 2nd period
Zach Whitecloud and Kaiden Guhle fight to a draw at 13:40 of 2nd period

Finance

Level 1 -- Attendance: 5549 (92.48%) -- Ticket Income $499,410
Level 2 -- Attendance: 4128 (82.56%) -- Ticket Income $227,040
Level 3 -- Attendance: 2100 (70.00%) -- Ticket Income $73,500
Level 4 -- Attendance: 3676 (73.52%) -- Ticket Income $91,900
Luxury Box -- Attendance: 949 (94.90%) -- Ticket Income $166,075
Game was played at the Pepsi Center.
Total Attendance: 16402 (82.01%)
Total Ticket Income: $1,057,925
Other Income: $370,274
Total Income: $1,428,199

Hartford Whalers

5 vs 5 Forward 
   Center                   Left Wing                Right Wing               Time % Phy DF OF 
 1 Nick Suzuki              Dylan Guenther           Anthony Cirelli          30     1   1  3  
 2 Sidney Crosby            Pierre-Luc Dubois        Jordan Kyrou             30     1   1  3  
 3 Filip Mesar              Jonathan Drouin          Tyson Foerster           25     1   1  3  
 4 Matthew Coronato         Anders Lee               Kaapo Kakko              15     1   3  1  

5 vs 5 Defense 
   Defense                  Defense                                           Time % Phy DF OF 
 1 Vladislav Gavrikov       Seth Jones                                        30     1   2  2  
 2 Devon Toews              Braden Schneider                                  30     1   2  2  
 3 Kaiden Guhle             Simon Edvinsson                                   25     1   2  2  
 4 Simon Edvinsson          Seth Jones                                        15     1   2  2  

PowerPlay Forward 
   Center                   Left Wing                Right Wing               Time % Phy DF OF 
 1 Sidney Crosby            Dylan Guenther           Nick Suzuki              50     0   1  4  
 2 Anders Lee               Pierre-Luc Dubois        Jordan Kyrou             50     0   1  4  

PowerPlay Defense
   Defense                  Defense                                           Time % Phy DF OF 
 1 Jonathan Drouin          Seth Jones                                        50     1   2  2  
 2 Matthew Coronato         Devon Toews                                       50     1   2  2  

Penalty Kill 4 Players Forward 
   Center                   Wing                     Time % Phy DF OF 
 1 Nick Suzuki              Anders Lee               50     1   2  2  
 2 Sidney Crosby            Anthony Cirelli          50     1   2  2  

Penalty Kill 4 Players Defense
   Defense                  Defense                  Time % Phy DF OF 
 1 Kaiden Guhle             Seth Jones               50     1   2  2  
 2 Vladislav Gavrikov       Devon Toews              50     1   2  2  

Penalty Kill - 3 Players Forward 
   Forward                                           Time % Phy DF OF 
 1 Nick Suzuki                                       50     1   2  2  
 2 Anthony Cirelli                                   50     1   2  2  

Penalty Kill - 3 Players Defense
   Defense                  Defense                  Time % Phy DF OF 
 1 Vladislav Gavrikov       Seth Jones               50     1   2  2  
 2 Kaiden Guhle             Braden Schneider         50     1   2  2  

4 vs 4 Forward 
   Center                   Wing                     Time % Phy DF OF 
 1 Sidney Crosby            Nick Suzuki              50     0   1  4  
 2 Dylan Guenther           Jordan Kyrou             50     0   2  3  

4 vs 4 Defense
   Defense                  Defense                  Time % Phy DF OF 
 1 Devon Toews              Seth Jones               50     1   2  2  
 2 Vladislav Gavrikov       Braden Schneider         50     1   2  2  

Last Minutes Offensive
   Center                   Left Wing                Right Wing               Defense                  Defense                  
   Sidney Crosby            Dylan Guenther           Nick Suzuki              Jonathan Drouin          Braden Schneider         

Last Minutes Defensive
   Center                   Left Wing                Right Wing               Defense                  Defense                  
   Anthony Cirelli          Filip Mesar              Anders Lee               Kaiden Guhle             Seth Jones               

Goaltenders
Starting : Samuel Montembeault      
Backup : Spencer Knight           

Extra Forwards
Normal : Dylan Guenther, Anders Lee, Jonathan Drouin - PP : Sidney Crosby, Dylan Guenther - PK : Anders Lee
Extra Defensemen
Normal : Braden Schneider, Kaiden Guhle, Vladislav Gavrikov - PP : Braden Schneider - PK : Kaiden Guhle, Vladislav Gavrikov
Penalty Shots
Nick Suzuki, Sidney Crosby, Pierre-Luc Dubois, Anthony Cirelli, Kaapo Kakko

Scratches
Joshua Norris (Healthy), Chaz Lucius (Healthy), Dylan Garand (Healthy)

Colorado Rockies

5 vs 5 Forward 
   Center                   Left Wing                Right Wing               Time % Phy DF OF 
 1 Tim Stutzle              Kyle Connor              Nikita Kucherov          26     0   0  5  
 2 Kyle Palmieri            Jesper Bratt             David Pastrnak           26     1   2  2  
 3 Nick Schmaltz            Michael Bunting          Kevin Hayes              26     1   2  2  
 4 Evgeny Kuznetsov         Nick Bonino              Philipp Kurashev         22     5   0  0  

5 vs 5 Defense 
   Defense                  Defense                                           Time % Phy DF OF 
 1 Victor Hedman            Martin Fehervary                                  33     1   2  2  
 2 Quinn Hughes             Andrew Peeke                                      33     1   2  2  
 3 Vince Dunn               Zach Whitecloud                                   33     1   2  2  
 4 Victor Hedman            Martin Fehervary                                  1      1   2  2  

PowerPlay Forward 
   Center                   Left Wing                Right Wing               Time % Phy DF OF 
 1 Tim Stutzle              Kyle Connor              Nikita Kucherov          50     1   2  2  
 2 Kyle Palmieri            Jesper Bratt             David Pastrnak           50     1   2  2  

PowerPlay Defense
   Defense                  Defense                                           Time % Phy DF OF 
 1 Victor Hedman            Martin Fehervary                                  50     1   2  2  
 2 Quinn Hughes             Andrew Peeke                                      50     1   2  2  

Penalty Kill 4 Players Forward 
   Center                   Wing                     Time % Phy DF OF 
 1 Nick Schmaltz            Michael Bunting          50     1   2  2  
 2 Kevin Hayes              Kyle Connor              50     1   2  2  

Penalty Kill 4 Players Defense
   Defense                  Defense                  Time % Phy DF OF 
 1 Victor Hedman            Martin Fehervary         50     1   2  2  
 2 Quinn Hughes             Andrew Peeke             50     1   2  2  

Penalty Kill - 3 Players Forward 
   Forward                                           Time % Phy DF OF 
 1 Kevin Hayes                                       50     1   2  2  
 2 Nick Schmaltz                                     50     1   2  2  

Penalty Kill - 3 Players Defense
   Defense                  Defense                  Time % Phy DF OF 
 1 Victor Hedman            Martin Fehervary         50     1   2  2  
 2 Quinn Hughes             Andrew Peeke             50     1   2  2  

4 vs 4 Forward 
   Center                   Wing                     Time % Phy DF OF 
 1 Tim Stutzle              Nikita Kucherov          50     1   2  2  
 2 Kyle Palmieri            Kyle Connor              50     1   2  2  

4 vs 4 Defense
   Defense                  Defense                  Time % Phy DF OF 
 1 Victor Hedman            Martin Fehervary         50     1   2  2  
 2 Quinn Hughes             Andrew Peeke             50     1   2  2  

Last Minutes Offensive
   Center                   Left Wing                Right Wing               Defense                  Defense                  
   Tim Stutzle              Kyle Connor              Nikita Kucherov          Victor Hedman            Martin Fehervary         

Last Minutes Defensive
   Center                   Left Wing                Right Wing               Defense                  Defense                  
   Tim Stutzle              Kyle Connor              Nikita Kucherov          Victor Hedman            Martin Fehervary         

Goaltenders
Starting : Daniil Tarasov           
Backup : Joey Daccord             

Extra Forwards
Normal : Evgeny Kuznetsov, Nick Schmaltz, Michael Bunting - PP : Evgeny Kuznetsov, Nick Schmaltz - PK : Michael Bunting
Extra Defensemen
Normal : Victor Hedman, Zach Whitecloud, Quinn Hughes - PP : Martin Fehervary - PK : Zach Whitecloud, Quinn Hughes
Penalty Shots
Nikita Kucherov, Tim Stutzle, David Pastrnak, Kyle Connor, Jesper Bratt

Scratches
Timothy Liljegren (Healthy)

% Time on Ice - Hartford Whalers

Lines # - Real PCT - Wanted PCT - Time Play
Normal Forward
1 - 29% - 30% - 13:26
2 - 30% - 30% - 13:46
3 - 24% - 25% - 11:00
4 - 17% - 15% - 8:04
Normal Defense
1 - 29% - 30% - 13:31
2 - 33% - 30% - 15:16
3 - 24% - 25% - 11:08
4 - 14% - 15% - 6:21
PP Forward
1 - 54% - 50% - 3:13
2 - 46% - 50% - 2:44
PP Defense
1 - 47% - 50% - 2:48
2 - 53% - 50% - 3:09
PK Forward
1 - 41% - 50% - 2:41
2 - 59% - 50% - 3:55
PK Defense
1 - 50% - 50% - 3:17
2 - 50% - 50% - 3:19
PK3 Forward
1 - 0% - 50%
2 - 0% - 50%
PK3 Defense
1 - 0% - 50%
2 - 0% - 50%
44 Forward
1 - 0% - 50%
2 - 0% - 50%
44 Defense
1 - 0% - 50%
2 - 0% - 50%
Last Minute Offensive  - 0:00
Last Minute Defensive  - 1:11
Total
Forward - 60:00
Defense - 60:00

% Time on Ice - Colorado Rockies

Lines # - Real PCT - Wanted PCT - Time Play
Normal Forward
1 - 26% - 26% - 12:05
2 - 27% - 26% - 12:34
3 - 26% - 26% - 12:07
4 - 21% - 22% - 9:31
Normal Defense
1 - 32% - 33% - 14:50
2 - 31% - 33% - 14:28
3 - 35% - 33% - 16:09
4 - 2% - 1% - 0:50
PP Forward
1 - 50% - 50% - 3:17
2 - 50% - 50% - 3:19
PP Defense
1 - 53% - 50% - 3:31
2 - 47% - 50% - 3:05
PK Forward
1 - 51% - 50% - 3:03
2 - 49% - 50% - 2:54
PK Defense
1 - 56% - 50% - 3:21
2 - 44% - 50% - 2:36
PK3 Forward
1 - 0% - 50%
2 - 0% - 50%
PK3 Defense
1 - 0% - 50%
2 - 0% - 50%
44 Forward
1 - 0% - 50%
2 - 0% - 50%
44 Defense
1 - 0% - 50%
2 - 0% - 50%
Last Minute Offensive  - 1:10
Last Minute Defensive  - 0:00
Total
Forward - 60:00
Defense - 60:00

Play-by-Play

1st period


0:01 of 1st period - Nick Suzuki wins face-off versus Tim Stutzle in neutral zone.
0:06 of 1st period - Slapshot by Nick Suzuki.
0:06 of 1st period - Shot Misses the Net.
0:08 of 1st period - Slapshot by Vladislav Gavrikov.
0:08 of 1st period - Stopped by Daniil Tarasov with a rebound.
0:10 of 1st period - Slapshot by Nick Suzuki.
0:10 of 1st period - Shot Misses the Net.
0:53 of 1st period - Slapshot by Nick Schmaltz.
0:53 of 1st period - Stopped by Samuel Montembeault with a rebound.
2:14 of 1st period - Wrist shot by Jonathan Drouin.
2:14 of 1st period - Deflect By Quinn Hughes.
2:14 of 1st period - Shot Blocked by Andrew Peeke.
2:14 of 1st period - Puck is out of play.
2:15 of 1st period - Filip Mesar wins face-off versus Nick Schmaltz in Colorado Rockies zone.
4:48 of 1st period - Vladislav Gavrikov is hit by Andrew Peeke and loses puck.
5:05 of 1st period - Minor Penalty to Michael Bunting for Roughing.
5:06 of 1st period - Nick Schmaltz wins face-off versus Sidney Crosby in Colorado Rockies zone.
5:17 of 1st period - Snap shot by Nick Suzuki.
5:17 of 1st period - Stopped by Daniil Tarasov with a rebound.
5:19 of 1st period - Slapshot by Seth Jones.
5:19 of 1st period - Stopped by Daniil Tarasov without a rebound.
5:20 of 1st period - Kevin Hayes wins face-off versus Anders Lee in Colorado Rockies zone.
6:17 of 1st period - Icing by Sidney Crosby.
6:18 of 1st period - Sidney Crosby wins face-off versus Nick Schmaltz in Hartford Whalers zone.
7:01 of 1st period - Slapshot by Nick Suzuki.
7:01 of 1st period - Stopped by Daniil Tarasov with a rebound.
7:03 of 1st period - Wrist shot by Dylan Guenther.
7:03 of 1st period - Shot Misses the Net.
7:05 of 1st period - Penalty to Michael Bunting is over, Michael Bunting is back on ice.
7:05 of 1st period - Slapshot by Jonathan Drouin.
7:05 of 1st period - Stopped by Daniil Tarasov with a rebound.
7:07 of 1st period - Snap shot by Jonathan Drouin.
7:07 of 1st period - Deflect By Dylan Guenther.
7:07 of 1st period - Goal by Dylan Guenther - Hartford Whalers : 1 - Colorado Rockies : 0.
7:08 of 1st period - Nick Schmaltz wins face-off versus Matthew Coronato in neutral zone.
7:21 of 1st period - Matthew Coronato beats up Zach Whitecloud.
7:21 of 1st period - Penalty to Zach Whitecloud for Fighting.
7:21 of 1st period - Penalty to Matthew Coronato for Fighting.
7:21 of 1st period - Penalty to Matthew Coronato for instigated a fight.
7:21 of 1st period - Penalty to Matthew Coronato for instigated a fight.
7:22 of 1st period - Tim Stutzle wins face-off versus Nick Suzuki in neutral zone.
8:21 of 1st period - Snap shot by Sidney Crosby.
8:21 of 1st period - Shot Misses the Net.
9:04 of 1st period - Devon Toews is hit by Tim Stutzle and loses puck.
9:21 of 1st period - Penalty to Matthew Coronato is over, Pierre-Luc Dubois is send on ice.
9:44 of 1st period - Kaiden Guhle is hit by Evgeny Kuznetsov and loses puck.
10:09 of 1st period - Snap shot by Tyson Foerster.
10:09 of 1st period - Shot Misses the Net.
10:11 of 1st period - Backhand shot by Kaiden Guhle.
10:11 of 1st period - Stopped by Daniil Tarasov with a rebound.
10:13 of 1st period - Slapshot by Kaiden Guhle.
10:13 of 1st period - Stopped by Daniil Tarasov with a rebound.
10:15 of 1st period - Slapshot by Simon Edvinsson.
10:15 of 1st period - Shot Blocked by Quinn Hughes.
10:17 of 1st period - Slapshot by Simon Edvinsson.
10:17 of 1st period - Deflect By Quinn Hughes.
10:17 of 1st period - Stopped by Daniil Tarasov with a rebound.
10:31 of 1st period - Backhand shot by Tyson Foerster.
10:31 of 1st period - Stopped by Daniil Tarasov with a rebound.
10:41 of 1st period - Slapshot by Tyson Foerster.
10:41 of 1st period - Shot Misses the Net.
10:51 of 1st period - Snap shot by Tyson Foerster.
10:51 of 1st period - Shot Misses the Net.
11:35 of 1st period - Wrist shot by Jonathan Drouin.
11:35 of 1st period - Stopped by Daniil Tarasov with a rebound.
11:37 of 1st period - Wrist shot by Simon Edvinsson.
11:37 of 1st period - Stopped by Daniil Tarasov without a rebound.
11:38 of 1st period - Nick Suzuki wins face-off versus Nick Schmaltz in Colorado Rockies zone.
12:10 of 1st period - Jordan Kyrou is hit by Tim Stutzle and loses puck.
13:21 of 1st period - Wrist shot by Nikita Kucherov.
13:21 of 1st period - Shot Blocked by Anthony Cirelli.
13:23 of 1st period - Slapshot by Kyle Connor.
13:23 of 1st period - Stopped by Samuel Montembeault without a rebound.
13:24 of 1st period - Nick Schmaltz wins face-off versus Nick Suzuki in Hartford Whalers zone.
13:27 of 1st period - Snap shot by Michael Bunting.
13:27 of 1st period - Shot Misses the Net.
13:33 of 1st period - Braden Schneider is hit by Vince Dunn and loses puck.
13:54 of 1st period - Devon Toews is hit by Kyle Connor.
14:12 of 1st period - Wrist shot by David Pastrnak.
14:12 of 1st period - Stopped by Samuel Montembeault without a rebound.
14:13 of 1st period - Pierre-Luc Dubois wins face-off versus Kyle Palmieri in Hartford Whalers zone.
15:04 of 1st period - Wrist shot by Jesper Bratt.
15:04 of 1st period - Shot Hit the Post.
15:06 of 1st period - Wrist shot by Jesper Bratt.
15:06 of 1st period - Shot Blocked by Devon Toews.
16:00 of 1st period - Victor Hedman is hit by Pierre-Luc Dubois.
16:26 of 1st period - Michael Bunting is hit by Tyson Foerster and loses puck.
17:14 of 1st period - Icing by Nick Schmaltz.
17:15 of 1st period - Nick Schmaltz wins face-off versus Dylan Guenther in Colorado Rockies zone.
17:15 of 1st period - Nick Schmaltz is hit by Anders Lee.
17:27 of 1st period - Slapshot by Michael Bunting.
17:27 of 1st period - Shot Blocked by Devon Toews.
18:04 of 1st period - Snap shot by Dylan Guenther.
18:04 of 1st period - Shot Blocked by Kyle Palmieri.
18:06 of 1st period - Backhand shot by Devon Toews.
18:06 of 1st period - Shot Misses the Net.
18:08 of 1st period - Backhand shot by Kaapo Kakko.
18:08 of 1st period - Deflect By Dylan Guenther.
18:08 of 1st period - Shot Misses the Net.
18:08 of 1st period - Puck is out of play.
18:09 of 1st period - Tim Stutzle wins face-off versus Sidney Crosby in Colorado Rockies zone.
18:16 of 1st period - Vladislav Gavrikov is hit by Kyle Connor and loses puck.
18:45 of 1st period - Snap shot by Tyson Foerster.
18:45 of 1st period - Shot Misses the Net.
19:04 of 1st period - Minor Penalty to Sidney Crosby for Interference.
19:05 of 1st period - Kyle Palmieri wins face-off versus Nick Suzuki in Hartford Whalers zone.
19:09 of 1st period - Snap shot by David Pastrnak.
19:09 of 1st period - Stopped by Samuel Montembeault without a rebound.
19:10 of 1st period - Nick Suzuki wins face-off versus Kyle Palmieri in Hartford Whalers zone.
Goals for this period are 1 for Hartford Whalers vs 0 for Colorado Rockies.
Shots for this period are 12 for Hartford Whalers vs 4 for Colorado Rockies.

2nd period


0:01 of 2nd period - Nick Suzuki wins face-off versus Tim Stutzle in neutral zone.
0:57 of 2nd period - Snap shot by Nikita Kucherov.
0:57 of 2nd period - Shot Misses the Net.
1:04 of 2nd period - Penalty to Sidney Crosby is over, Sidney Crosby is back on ice.
1:36 of 2nd period - Off-side.
1:37 of 2nd period - Dylan Guenther wins face-off versus Tim Stutzle in neutral zone.
1:40 of 2nd period - Wrist shot by Kaapo Kakko.
1:40 of 2nd period - Shot Blocked by Tim Stutzle.
1:42 of 2nd period - Slapshot by Dylan Guenther.
1:42 of 2nd period - Stopped by Daniil Tarasov without a rebound.
1:43 of 2nd period - Nick Suzuki wins face-off versus Nikita Kucherov in Colorado Rockies zone.
1:46 of 2nd period - Slapshot by Nick Suzuki.
1:46 of 2nd period - Deflect By Dylan Guenther.
1:46 of 2nd period - Goal by Dylan Guenther - Hartford Whalers : 2 - Colorado Rockies : 0.
1:47 of 2nd period - Nick Suzuki wins face-off versus Tim Stutzle in neutral zone.
2:21 of 2nd period - 10 Minutes Misconduct Penalty to Matthew Coronato is over.
2:42 of 2nd period - Slapshot by Tyson Foerster.
2:42 of 2nd period - Shot Misses the Net.
3:18 of 2nd period - Snap shot by Pierre-Luc Dubois.
3:18 of 2nd period - Deflect By Sidney Crosby.
3:18 of 2nd period - Goal by Sidney Crosby - Hartford Whalers : 3 - Colorado Rockies : 0.
3:19 of 2nd period - Tim Stutzle wins face-off versus Nick Suzuki in neutral zone.
3:29 of 2nd period - Icing by Nick Suzuki.
3:30 of 2nd period - Tim Stutzle wins face-off versus Nick Suzuki in Hartford Whalers zone.
3:31 of 2nd period - Snap shot by Kyle Connor.
3:31 of 2nd period - Shot Misses the Net.
3:33 of 2nd period - Snap shot by Nikita Kucherov.
3:33 of 2nd period - Shot Blocked by Anthony Cirelli.
3:35 of 2nd period - Slapshot by Martin Fehervary.
3:35 of 2nd period - Stopped by Samuel Montembeault with a rebound.
3:37 of 2nd period - Snap shot by Tim Stutzle.
3:37 of 2nd period - Shot Misses the Net.
3:39 of 2nd period - Wrist shot by Kyle Connor.
3:39 of 2nd period - Shot Misses the Net.
3:41 of 2nd period - Wrist shot by Kyle Connor.
3:41 of 2nd period - Goal by Kyle Connor - Hartford Whalers : 3 - Colorado Rockies : 1.
3:42 of 2nd period - Kyle Palmieri wins face-off versus Sidney Crosby in neutral zone.
3:50 of 2nd period - Off-side.
3:51 of 2nd period - Sidney Crosby wins face-off versus Kyle Palmieri in neutral zone.
4:20 of 2nd period - Snap shot by Jordan Kyrou.
4:20 of 2nd period - Stopped by Daniil Tarasov without a rebound.
4:21 of 2nd period - Nick Suzuki wins face-off versus Tim Stutzle in Colorado Rockies zone.
4:48 of 2nd period - Kaiden Guhle is hit by Michael Bunting.
4:52 of 2nd period - Jonathan Drouin is hit by Michael Bunting and loses puck.
5:13 of 2nd period - Vladislav Gavrikov is hit by Kyle Palmieri.
5:25 of 2nd period - Braden Schneider is hit by Kyle Palmieri and loses puck.
5:53 of 2nd period - Icing by Dylan Guenther.
5:54 of 2nd period - Anthony Cirelli wins face-off versus Tim Stutzle in Hartford Whalers zone.
5:59 of 2nd period - Snap shot by Seth Jones.
5:59 of 2nd period - Shot Misses the Net.
6:25 of 2nd period - Slapshot by Tim Stutzle.
6:25 of 2nd period - Stopped by Samuel Montembeault with a rebound.
6:31 of 2nd period - Wrist shot by Nikita Kucherov.
6:31 of 2nd period - Shot Misses the Net.
6:33 of 2nd period - Snap shot by Nikita Kucherov.
6:33 of 2nd period - Stopped by Samuel Montembeault with a rebound.
6:35 of 2nd period - Wrist shot by Quinn Hughes.
6:35 of 2nd period - Deflect By Tim Stutzle.
6:35 of 2nd period - Stopped by Samuel Montembeault with a rebound.
6:37 of 2nd period - Slapshot by Kyle Connor.
6:37 of 2nd period - Shot Blocked by Vladislav Gavrikov.
6:39 of 2nd period - Slapshot by Quinn Hughes.
6:39 of 2nd period - Shot Misses the Net.
6:41 of 2nd period - Snap shot by Nikita Kucherov.
6:41 of 2nd period - Shot Misses the Net.
6:43 of 2nd period - Slapshot by Vince Dunn.
6:43 of 2nd period - Deflect By Nikita Kucherov.
6:43 of 2nd period - Shot Misses the Net.
6:43 of 2nd period - Puck is out of play.
6:44 of 2nd period - Sidney Crosby wins face-off versus Kevin Hayes in Hartford Whalers zone.
7:10 of 2nd period - Off-side.
7:11 of 2nd period - Kyle Palmieri wins face-off versus Filip Mesar in neutral zone.
7:46 of 2nd period - Snap shot by Pierre-Luc Dubois.
7:46 of 2nd period - Stopped by Daniil Tarasov without a rebound.
7:47 of 2nd period - Nick Suzuki wins face-off versus Evgeny Kuznetsov in Colorado Rockies zone.
8:00 of 2nd period - Backhand shot by Nick Suzuki.
8:00 of 2nd period - Shot Misses the Net.
8:02 of 2nd period - Backhand shot by Devon Toews.
8:02 of 2nd period - Stopped by Daniil Tarasov with a rebound.
8:04 of 2nd period - Backhand shot by Devon Toews.
8:04 of 2nd period - Deflect By Nick Suzuki.
8:04 of 2nd period - Goal by Nick Suzuki - Hartford Whalers : 4 - Colorado Rockies : 1.
8:05 of 2nd period - Sidney Crosby wins face-off versus Nick Schmaltz in neutral zone.
8:20 of 2nd period - Slapshot by Nick Schmaltz.
8:20 of 2nd period - Shot Misses the Net.
8:31 of 2nd period - Icing by Philipp Kurashev.
8:32 of 2nd period - Nick Suzuki wins face-off versus Evgeny Kuznetsov in Colorado Rockies zone.
8:35 of 2nd period - Snap shot by Nick Suzuki.
8:35 of 2nd period - Shot Misses the Net.
8:37 of 2nd period - Slapshot by Anthony Cirelli.
8:37 of 2nd period - Shot Misses the Net.
8:45 of 2nd period - Wrist shot by Anthony Cirelli.
8:45 of 2nd period - Stopped by Daniil Tarasov with a rebound.
8:59 of 2nd period - Tim Stutzle is hit by Jordan Kyrou and loses puck.
9:10 of 2nd period - Slapshot by Nikita Kucherov.
9:10 of 2nd period - Shot Misses the Net.
9:24 of 2nd period - Wrist shot by Jonathan Drouin.
9:24 of 2nd period - Deflect By Tyson Foerster.
9:24 of 2nd period - Shot Misses the Net.
9:24 of 2nd period - Puck is out of play.
9:24 of 2nd period - Daniil Tarasov from Colorado Rockies is injured at 9:24 of 2nd period (Right Hand).
9:24 of 2nd period - Joey Daccord enters game.
9:25 of 2nd period - Kyle Palmieri wins face-off versus Nick Suzuki in Colorado Rockies zone.
10:03 of 2nd period - Wrist shot by Kyle Connor.
10:03 of 2nd period - Shot Blocked by Kaiden Guhle.
10:31 of 2nd period - Snap shot by Nick Suzuki.
10:31 of 2nd period - Shot Misses the Net.
10:49 of 2nd period - Snap shot by Nick Suzuki.
10:49 of 2nd period - Stopped by Joey Daccord without a rebound.
10:50 of 2nd period - Jordan Kyrou wins face-off versus Evgeny Kuznetsov in Colorado Rockies zone.
11:05 of 2nd period - Wrist shot by Jordan Kyrou.
11:05 of 2nd period - Stopped by Joey Daccord without a rebound.
11:06 of 2nd period - Kyle Palmieri wins face-off versus Filip Mesar in Colorado Rockies zone.
12:03 of 2nd period - Braden Schneider is hit by Nick Bonino and loses puck.
13:29 of 2nd period - Wrist shot by Nick Schmaltz.
13:29 of 2nd period - Stopped by Samuel Montembeault without a rebound.
13:30 of 2nd period - Nick Suzuki wins face-off versus Evgeny Kuznetsov in Hartford Whalers zone.
13:40 of 2nd period - Zach Whitecloud and Kaiden Guhle fight to a draw.
13:40 of 2nd period - Penalty to Zach Whitecloud for Fighting.
13:40 of 2nd period - Penalty to Kaiden Guhle for Fighting.
13:40 of 2nd period - Penalty to Kaiden Guhle for instigated a fight.
13:40 of 2nd period - Penalty to Kaiden Guhle for instigated a fight.
13:41 of 2nd period - Nick Suzuki wins face-off versus Tim Stutzle in Colorado Rockies zone.
13:52 of 2nd period - Wrist shot by Nick Suzuki.
13:52 of 2nd period - Shot Misses the Net.
14:17 of 2nd period - Wrist shot by Jesper Bratt.
14:17 of 2nd period - Stopped by Samuel Montembeault with a rebound.
14:19 of 2nd period - Slapshot by Jesper Bratt.
14:19 of 2nd period - Goal by Jesper Bratt - Hartford Whalers : 4 - Colorado Rockies : 2.
14:20 of 2nd period - Kyle Palmieri wins face-off versus Sidney Crosby in neutral zone.
14:25 of 2nd period - Snap shot by David Pastrnak.
14:25 of 2nd period - Shot Blocked by Seth Jones.
15:53 of 2nd period - Slapshot by Jesper Bratt.
15:53 of 2nd period - Shot Misses the Net.
16:31 of 2nd period - Icing by Matthew Coronato.
16:32 of 2nd period - Kaapo Kakko wins face-off versus Evgeny Kuznetsov in Hartford Whalers zone.
17:25 of 2nd period - Slapshot by Kyle Palmieri.
17:25 of 2nd period - Goal by Kyle Palmieri - Hartford Whalers : 4 - Colorado Rockies : 3.
17:26 of 2nd period - Sidney Crosby wins face-off versus Tim Stutzle in neutral zone.
17:35 of 2nd period - Backhand shot by Sidney Crosby.
17:35 of 2nd period - Goal by Sidney Crosby - Hartford Whalers : 5 - Colorado Rockies : 3.
17:36 of 2nd period - Sidney Crosby wins face-off versus Kyle Palmieri in neutral zone.
17:51 of 2nd period - Snap shot by David Pastrnak.
17:51 of 2nd period - Stopped by Samuel Montembeault with a rebound.
17:53 of 2nd period - Wrist shot by Jesper Bratt.
17:53 of 2nd period - Shot Blocked by Vladislav Gavrikov.
18:20 of 2nd period - Snap shot by Pierre-Luc Dubois.
18:20 of 2nd period - Stopped by Joey Daccord with a rebound.
18:22 of 2nd period - Slapshot by Braden Schneider.
18:22 of 2nd period - Stopped by Joey Daccord with a rebound.
18:24 of 2nd period - Wrist shot by Sidney Crosby.
18:24 of 2nd period - Stopped by Joey Daccord with a rebound.
18:26 of 2nd period - Snap shot by Sidney Crosby.
18:26 of 2nd period - Stopped by Joey Daccord without a rebound.
18:27 of 2nd period - Nick Suzuki wins face-off versus Tim Stutzle in Colorado Rockies zone.
18:45 of 2nd period - Minor Penalty to Vince Dunn for High sticking.
18:46 of 2nd period - Kevin Hayes wins face-off versus Sidney Crosby in Colorado Rockies zone.
19:11 of 2nd period - Kyle Connor is hit by Pierre-Luc Dubois.
Goals for this period are 4 for Hartford Whalers vs 3 for Colorado Rockies.
Shots for this period are 15 for Hartford Whalers vs 10 for Colorado Rockies.

3rd period


0:01 of 3rd period - Anders Lee wins face-off versus Nick Schmaltz in neutral zone.
0:08 of 3rd period - Wrist shot by Pierre-Luc Dubois.
0:08 of 3rd period - Stopped by Joey Daccord without a rebound.
0:09 of 3rd period - Anders Lee wins face-off versus Nick Schmaltz in Colorado Rockies zone.
0:20 of 3rd period - Slapshot by Jordan Kyrou.
0:20 of 3rd period - Stopped by Joey Daccord with a rebound.
0:22 of 3rd period - Slapshot by Matthew Coronato.
0:22 of 3rd period - Shot Blocked by Nick Schmaltz.
0:24 of 3rd period - Snap shot by Anders Lee.
0:24 of 3rd period - Shot Blocked by Nick Schmaltz.
0:34 of 3rd period - Slapshot by Jordan Kyrou.
0:34 of 3rd period - Deflect By Nick Schmaltz.
0:34 of 3rd period - Shot Blocked by Andrew Peeke.
0:34 of 3rd period - Puck is out of play.
0:35 of 3rd period - Sidney Crosby wins face-off versus Kevin Hayes in Colorado Rockies zone.
0:45 of 3rd period - Penalty to Vince Dunn is over, Vince Dunn is back on ice.
0:50 of 3rd period - Slapshot by Seth Jones.
0:50 of 3rd period - Shot Misses the Net.
1:20 of 3rd period - Slapshot by Victor Hedman.
1:20 of 3rd period - Stopped by Samuel Montembeault without a rebound.
1:21 of 3rd period - Kyle Palmieri wins face-off versus Sidney Crosby in Hartford Whalers zone.
1:24 of 3rd period - Snap shot by David Pastrnak.
1:24 of 3rd period - Shot Misses the Net.
1:26 of 3rd period - Slapshot by Quinn Hughes.
1:26 of 3rd period - Shot Blocked by Pierre-Luc Dubois.
1:28 of 3rd period - Slapshot by Quinn Hughes.
1:28 of 3rd period - Stopped by Samuel Montembeault with a rebound.
1:30 of 3rd period - Wrist shot by Kyle Palmieri.
1:30 of 3rd period - Stopped by Samuel Montembeault with a rebound.
1:32 of 3rd period - Slapshot by Quinn Hughes.
1:32 of 3rd period - Stopped by Samuel Montembeault with a rebound.
1:34 of 3rd period - Snap shot by Kyle Palmieri.
1:34 of 3rd period - Deflect By David Pastrnak.
1:34 of 3rd period - Shot Blocked by Devon Toews.
1:34 of 3rd period - Puck is out of play.
1:35 of 3rd period - Tim Stutzle wins face-off versus Filip Mesar in Hartford Whalers zone.
2:25 of 3rd period - Off-side.
2:26 of 3rd period - Anthony Cirelli wins face-off versus Evgeny Kuznetsov in neutral zone.
2:53 of 3rd period - Snap shot by Tyson Foerster.
2:53 of 3rd period - Stopped by Joey Daccord with a rebound.
2:59 of 3rd period - Snap shot by Tyson Foerster.
2:59 of 3rd period - Stopped by Joey Daccord without a rebound.
3:00 of 3rd period - Kyle Palmieri wins face-off versus Filip Mesar in Colorado Rockies zone.
3:05 of 3rd period - Slapshot by Jonathan Drouin.
3:05 of 3rd period - Stopped by Joey Daccord with a rebound.
3:07 of 3rd period - Backhand shot by Seth Jones.
3:07 of 3rd period - Stopped by Joey Daccord without a rebound.
3:08 of 3rd period - Filip Mesar wins face-off versus Kyle Palmieri in Colorado Rockies zone.
3:43 of 3rd period - Wrist shot by Michael Bunting.
3:43 of 3rd period - Stopped by Samuel Montembeault without a rebound.
3:44 of 3rd period - Sidney Crosby wins face-off versus Tim Stutzle in Hartford Whalers zone.
4:11 of 3rd period - Snap shot by Jonathan Drouin.
4:11 of 3rd period - Shot Blocked by Quinn Hughes.
4:51 of 3rd period - Slapshot by Quinn Hughes.
4:51 of 3rd period - Deflect By Dylan Guenther.
4:51 of 3rd period - Stopped by Samuel Montembeault without a rebound.
4:52 of 3rd period - Sidney Crosby wins face-off versus Evgeny Kuznetsov in Hartford Whalers zone.
5:07 of 3rd period - Snap shot by Philipp Kurashev.
5:07 of 3rd period - Goal by Philipp Kurashev - Hartford Whalers : 5 - Colorado Rockies : 4.
5:08 of 3rd period - Nick Suzuki wins face-off versus David Pastrnak in neutral zone.
5:31 of 3rd period - Minor Penalty to Kyle Palmieri for Roughing.
5:32 of 3rd period - Kevin Hayes wins face-off versus Anders Lee in Colorado Rockies zone.
7:31 of 3rd period - Penalty to Kyle Palmieri is over, Kyle Palmieri is back on ice.
8:40 of 3rd period - 10 Minutes Misconduct Penalty to Kaiden Guhle is over.
8:56 of 3rd period - Wrist shot by David Pastrnak.
8:56 of 3rd period - Shot Misses the Net.
9:02 of 3rd period - Snap shot by Kyle Palmieri.
9:02 of 3rd period - Stopped by Samuel Montembeault with a rebound.
9:15 of 3rd period - Icing by Michael Bunting.
9:16 of 3rd period - Nick Schmaltz wins face-off versus Anthony Cirelli in Colorado Rockies zone.
10:47 of 3rd period - Victor Hedman is hit by Vladislav Gavrikov and loses puck.
11:04 of 3rd period - Wrist shot by Philipp Kurashev.
11:04 of 3rd period - Shot Misses the Net.
11:06 of 3rd period - Wrist shot by Philipp Kurashev.
11:06 of 3rd period - Shot Misses the Net.
11:08 of 3rd period - Snap shot by Philipp Kurashev.
11:08 of 3rd period - Goal by Philipp Kurashev - Hartford Whalers : 5 - Colorado Rockies : 5.
11:09 of 3rd period - Nick Schmaltz wins face-off versus Sidney Crosby in neutral zone.
11:41 of 3rd period - Backhand shot by Nikita Kucherov.
11:41 of 3rd period - Deflect By Tim Stutzle.
11:41 of 3rd period - Stopped by Samuel Montembeault without a rebound.
11:42 of 3rd period - Nick Suzuki wins face-off versus Tim Stutzle in Hartford Whalers zone.
11:49 of 3rd period - Slapshot by Nick Suzuki.
11:49 of 3rd period - Goal by Nick Suzuki - Hartford Whalers : 6 - Colorado Rockies : 5.
11:50 of 3rd period - Jordan Kyrou wins face-off versus Nick Schmaltz in neutral zone.
12:19 of 3rd period - Minor Penalty to Anthony Cirelli for Boarding.
12:20 of 3rd period - Tim Stutzle wins face-off versus Nick Suzuki in Hartford Whalers zone.
14:19 of 3rd period - Penalty to Anthony Cirelli is over, Anthony Cirelli is back on ice.
14:27 of 3rd period - Simon Edvinsson is hit by Nick Schmaltz and loses puck.
14:34 of 3rd period - Simon Edvinsson is hit by Michael Bunting and loses puck.
16:32 of 3rd period - Wrist shot by Jonathan Drouin.
16:32 of 3rd period - Stopped by Joey Daccord without a rebound.
16:33 of 3rd period - Filip Mesar wins face-off versus Evgeny Kuznetsov in Colorado Rockies zone.
17:17 of 3rd period - Kaiden Guhle is hit by Quinn Hughes and loses puck.
17:39 of 3rd period - Snap shot by Braden Schneider.
17:39 of 3rd period - Shot Blocked by Vince Dunn.
17:41 of 3rd period - Wrist shot by Braden Schneider.
17:41 of 3rd period - Shot Blocked by Zach Whitecloud.
17:43 of 3rd period - Wrist shot by Anthony Cirelli.
17:43 of 3rd period - Shot Misses the Net.
18:57 of 3rd period - Icing by Seth Jones.
18:58 of 3rd period - Anthony Cirelli wins face-off versus Tim Stutzle in Hartford Whalers zone.
18:59 of 3rd period - Colorado Rockies, Joey Daccord is pulled from the net.
19:07 of 3rd period - Snap shot by Kyle Connor.
19:07 of 3rd period - Stopped by Samuel Montembeault with a rebound.
19:17 of 3rd period - Filip Mesar is hit by Nikita Kucherov and loses puck.
19:32 of 3rd period - Snap shot by Anders Lee.
19:32 of 3rd period - Deflect By Anthony Cirelli.
19:32 of 3rd period - Shot Misses the Net.
19:32 of 3rd period - Puck is out of play.
19:33 of 3rd period - Bruce Cassidy call a timeout for Colorado Rockies.
19:33 of 3rd period - Joey Daccord from Colorado Rockies was sent back in the game.
19:33 of 3rd period - Tim Stutzle wins face-off versus Anthony Cirelli in Colorado Rockies zone.
19:41 of 3rd period - Colorado Rockies, Joey Daccord is pulled from the net.
19:47 of 3rd period - Wrist shot by Tim Stutzle.
19:47 of 3rd period - Stopped by Samuel Montembeault without a rebound.
19:48 of 3rd period - Anthony Cirelli wins face-off versus Tim Stutzle in Hartford Whalers zone.
Goals for this period are 1 for Hartford Whalers vs 2 for Colorado Rockies.
Shots for this period are 8 for Hartford Whalers vs 12 for Colorado Rockies.